 Dungeon Crawl Stone Soup version 0.29-a0-824-gd827844252 (webtiles) character file.

Game seed: 18290113918141920723

225314 ouz the Fencer (level 18, -18/231 HPs)
             Began as a Demonspawn Gladiator on July 9, 2022.
             Was a High Priest of Okawaru.
             Demolished by a +6 eveningstar of holy wrath (32 damage)
             ... on level 2 of the Elven Halls.
             The game lasted 00:42:48 (31665 turns).

ouz the Fencer (Demonspawn Gladiator)              Turns: 31665, Time: 00:42:48

Health: -18/231    AC: 23    Str: 20    XL:     18   Next: 61%
Magic:  0/24       EV: 36    Int: 10    God:    Okawaru [*****.]
Gold:   2150       SH: 13    Dex: 34    Spells: 17/17 levels left

rFire   + . .      SeeInvis .   f - +11 scimitar "Undertaker" {vamp, Contam rN+++ Str+5}
rCold   + . .      Faith    .   D - +0 buckler
rNeg    + + +      Spirit   .   P - +4 ring mail of the Blue Skies {rN+ Will+ Stlth+}
rPois   .          Reflect  .   l - +1 hat of Indomitability {Drain +Blink Dex+8}
rElec   .          Harm     .   F - scarf {rC+ rF+}
rCorr   +          Rampage  .   (gloves unavailable)
Will    ++...                   S - +2 pair of boots
Stlth   ..........              Q - amulet of regeneration
HPRegen 4.28/turn               X - +4 ring of slaying
MPRegen 0.19/turn               d - +6 ring of dexterity

@: berserking, lethally poisoned (-18 -> -19), heroic, studying 2 skills, very
quick
A: claws 3, yellow scales 3, icemail 1, powered by death 3, condensation shield,
deformed body, weak 1, no potion heal 1
}: 1/15 runes: serpentine
a: Renounce Religion, Evoke Blink, Heroism, Finesse, Duel


You were on level 2 of the Elven Halls.
You worshipped Okawaru.
Okawaru was extremely pleased with you.
You visited 6 branches of the dungeon, and saw 30 of its levels.
You also visited: Ossuary and Bailey.

You collected 4163 gold pieces.
You spent 2013 gold pieces at shops.

Inventory:

Hand Weapons
 f - the +11 scimitar "Undertaker" (weapon) {vamp, Contam rN+++ Str+5}
   (You found it on level 2 of the Snake Pit)

   It occasionally heals its wielder for a portion of the damage dealt when it
   wounds a living foe.
   Str:       It affects your strength (+5).
   rN:        It renders you almost immune to negative energy.
   Contam:    It causes magical contamination when unequipped.
 C - a +5 vorpal great sword
 O - a +4 scimitar of flaming
 T - a +0 vampiric triple sword
 Z - the +7 great sword of Certain Death {vorpal, Str+7}
   (Okawaru gifted it to you on level 1 of the Snake Pit)

   It inflicts extra damage upon your enemies.
   Str:       It affects your strength (+7).
Missiles
 b - a throwing net
 e - 6 javelins (quivered)
Armour
 c - a +2 helmet
 l - the +1 hat of Indomitability (worn) {Drain +Blink Dex+8}
   (You acquired it on level 4 of the Snake Pit)

   Dex:       It affects your dexterity (+8).
   +Blink:    It lets you blink.
   Drain:     It drains your maximum health when unequipped.
 D - a +0 buckler (worn)
 F - a scarf of resistance (worn)
 H - a +0 cloak of stealth
 P - the +4 ring mail of the Blue Skies (worn) {rN+ Will+ Stlth+}
   (Okawaru gifted it to you on level 1 of the Lair of Beasts)

   rN:        It protects you from negative energy.
   Will:      It increases your willpower.
   Stlth:     It makes you more stealthy.
 S - a +2 pair of boots (worn)
Jewellery
 d - a +6 ring of dexterity (right claw)
 g - an amulet of reflection
 i - a +6 ring of dexterity
 n - a +6 ring of dexterity
 o - a ring of protection from fire
 A - a ring of see invisible
 J - a ring of poison resistance
 Q - an amulet of regeneration (around neck)
 U - the amulet of Ilyg {Spirit Str+5}
   (You found it on level 1 of the Elven Halls)

   [amulet of guardian spirit]

   It causes incoming damage to be divided between your reserves of health and
   magic.
   Str:       It affects your strength (+5).
 X - a +4 ring of slaying (left claw)
Wands
 a - a wand of quicksilver (18)
 s - a wand of flame (16)
 u - a wand of polymorph (10)
 I - a wand of mindburst (8)
 M - a wand of roots (18)
Scrolls
 q - a scroll of enchant weapon
 x - 5 scrolls of fog
 y - 2 scrolls of silence
 E - 2 scrolls of brand weapon
 K - a scroll of enchant armour
 L - a scroll of magic mapping
 N - 13 scrolls of identify
Potions
 j - 2 potions of resistance {unknown}
 k - 7 potions of might
 m - 7 potions of flight
 p - 2 potions of magic
 t - 5 potions of curing
 v - 3 potions of cancellation
 B - 5 potions of brilliance
 G - 5 potions of attraction
 Y - a potion of ambrosia {unknown}


   Skills:
 * Level 17.1(22.1) Fighting
 - Level 19.2(24.2) Long Blades
 - Level 2.1(7.1) Throwing
 - Level 12.6(17.6) Armour
 + Level 16.4(21.4) Dodging
 + Level 5.9(10.9) Shields
 - Level 8.5 Invocations


You had 17 spell levels left.
You didn't know any spells.
Your spell library contained the following spells:

 Spells                   Type           Power      Damage    Failure   Level
 Apportation              Tloc           0%         N/A       54%         1
 Necrotise                Necr           0%         1d4       54%         1
 Sandblast                Erth           0%         2d4       54%         1
 Passwall                 Tmut/Erth      0%         N/A       67%         2
 Gell's Gravitas          Tloc           0%         N/A       88%         3
 Lesser Beckoning         Tloc           0%         N/A       88%         3
 Stone Arrow              Conj/Erth      0%         3d7       88%         3
 Teleport Other           Tloc           0%         N/A       88%         3
 Cause Fear               Hex            0%         N/A       99%         4
 Leda's Liquefaction      Hex/Erth       0%         N/A       99%         4
 Passage of Golubria      Tloc           0%         N/A       99%         4
 Petrify                  Tmut/Erth      0%         N/A       99%         4
 Fireball                 Conj/Fire      0%         3d3       100%        5
 Iskenderun's Battlesphe  Conj           0%         2d6       100%        5
 Yara's Violent Unravell  Hex/Tmut       0%         3d3       100%        5
 Dispersal                Tloc           0%         N/A       100%        6
 Eringya's Noxious Bog    Tmut/Pois      0%         N/A       100%        6
 Starburst                Conj/Fire      0%         6d3       100%        6
 Dragon Form              Tmut           0%         N/A       100%        7
 Ignition                 Fire           0%         3d3       100%        8
 Chain Lightning          Conj/Air       0%         N/A       100%        9
 Fire Storm               Conj/Fire      0%         5d1       100%        9
 Shatter                  Erth           0%         3d5*      100%        9
 Summon Small Mammal      Summ           Unusable   N/A       N/A         1
 Call Imp                 Summ           Unusable   N/A       N/A         2
 Tukima's Dance           Hex            Unusable   N/A       N/A         3
 Summon Forest            Summ/Tloc      Unusable   N/A       N/A         5
 Summon Hydra             Summ           Unusable   N/A       N/A         7
 Dragon's Call            Summ           Unusable   N/A       N/A         9

Dungeon Overview and Level Annotations

Branches:
Dungeon (15/15)            Temple (1/1) D:5            Lair (6/6) D:10
 Shoals (0/4) Lair:2        Snake (4/4) Lair:2        Slime (0/5) Lair:5
    Orc (2/2) D:9             Elf (2/3) Orc:2        Vaults (0/5) D:13
 Depths (0/4) D:15        Ossuary (visited)          Bailey (visited)

Altars:
Dithmenos
Fedhas
Hepliaklqana
Makhleb
Nemelex Xobeh
Okawaru
Trog
Vehumet
Wu Jian
Yredelemnul

Shops:
D:14 (   Orc:2 [(:*   Snake:2 =::   Snake:3 :   Snake:4 (

Annotations:
D:4 1 runed translucent door, Crazy Yiuf
D:13 1 runed translucent door
Lair:5 2 transporters, exclusion: 2 oklob plants, Capogack's ghost, journeyman MiFi
Snake:4 2 runed translucent doors, HoaS's ghost, adept KoHu


Innate Abilities, Weirdness & Mutations

You have claws for hands.
You are completely covered in yellow scales. (AC +4, rCorr)
A meltable icy envelope protects you from harm. (AC +4)
You regenerate a lot of health from kills.
A meltable shield of frost defends you. (SH +4)
Armour fits poorly on your strangely shaped body.
You are weak. (Str -2)
Potions are less effective at restoring your health.


Message History

The +2 trident of venom hits you but does no damage.
You are more poisoned.
You block the +3 antimagic halberd's attack.
The +6 eveningstar of holy wrath hits you!!
* * * LOW HITPOINT WARNING * * *
You convulse!!
* * * LOW HITPOINT WARNING * * *
Unknown command.
Your system partially rejects the healing.
You feel better.
You block the +2 trident of venom's attack.
You block the +3 antimagic halberd's attack.
The +6 eveningstar of holy wrath hits you.
* * * LOW HITPOINT WARNING * * *
You convulse.
* * * LOW HITPOINT WARNING * * *
The deep elf pyromancer gestures wildly while chanting.
The deep elf pyromancer blinks!
The +2 trident of venom hits you from afar!
* * * LOW HITPOINT WARNING * * *
You are poisoned.
A red film seems to cover your vision as you go berserk!
Your finesse ends abruptly.
You feel yourself moving faster!
You feel mighty!
You feel very sick.
The +3 antimagic halberd hits you from afar!
* * * LOW HITPOINT WARNING * * *
You feel your power leaking away.
You block the +6 eveningstar of holy wrath's attack.
The +2 trident of venom hits you but does no damage.
You are more poisoned.
You block the deep elf pyromancer's attack.
The deep elf pyromancer casts a spell.
The deep elf pyromancer blinks!
The +3 antimagic halberd hits you from afar.
* * * LOW HITPOINT WARNING * * *
You miss the deep elf pyromancer.
You feel very sick.
The +2 trident of venom completely misses you.
The +6 eveningstar of holy wrath hits you!!
You die...

..#......#.......#......#
.#........#.....#........
#..........#...#.........
............# #..........
...)........# #..........
.........(..###..ยง.......
#..........#...#.((......
.#........#....e#(.......
..#....).#......@#......#
...#...)#.........#....#.
#...#..#...........#..#..
##...##)............##...
##...##.............# ..
#...#..#...........#.. .
...#....#)........#....
..#......#.......#.....
.#.......)#.....#.....


You could see a deep elf pyromancer and 4 dancing weapons.

Vanquished Creatures
  Mara (Snake:4)
  Vashnia (Snake:4)
  Rupert (D:15)
  Jorgrun (D:14)
  Mlioglotl (Snake:4)
  The ghost of Munkik the Thaumaturge, an adept DrCj of Sif Muna (Elf:1)
  Kirke (Lair:6)
  8 nagarajas
  A deep elf sorcerer (Elf:1)
  The ghost of Gajin the Torchbearer, a journeyman DsFi of Yredelemnul (Elf:1)
  Aizul (Snake:4)
  An orc warlord (Orc:2)
  The ghost of Muybrudgh the Black Belt, a journeyman DsFi of Ru (Elf:1)
  Azrael (Snake:3)
  A fire dragon (D:15)
  3 salamander tyrants (Snake:4)
  An ice dragon (D:15)
  7 boulder beetles
  8 hydras
  2 two-headed ogres
  4 catoblepae
  13 anacondas
  22 dancing weapons
  20 naga warriors
  5 centaur warriors
  6 death yaks
  2 tengu warriors (D:14)
  3 orc high priests (Orc:2)
  6 shock serpents
  21 naga sharpshooters
  12 deep elf knights
  Nergalle (D:12)
  6 salamander mystics
  3 sea snakes (Snake:1)
  3 skeletal warriors (D:11)
  6 naga ritualists
  A flayed ghost (D:13)
  A lindwurm (Lair:3)
  A wizard (D:13)
  6 deep elf archers
  3 orc knights
  18 deep elf zephyrmancers
  22 deep elf pyromancers
  5 orc sorcerers (Orc:2)
  7 mana vipers
  Pikel (D:4)
  24 ugly things
  A cyclops (D:14)
  4 manticores
  A shining eye (shapeshifter) (D:13)
  10 elephants
  11 salamanders
  10 guardian serpents
  18 naga magi
  30 black mambas
  Joseph (D:7)
  A smoke demon (D:12)
  A gargoyle (D:10)
  6 cane toads
  A torpor snail (Lair:5)
  17 rime drakes
  An efreet (D:12)
  6 komodo dragons
  9 trolls
  2 polar bears (Lair:6)
  Grinder (D:5)
  6 slime creatures
  8 blink frogs
  Sigmund (D:4)
  5 air elementals
  A culicivora (shapeshifter) (D:15)
  5 spriggans (Bailey)
  3 water elementals
  4 wyverns
  3 shadows
  66 yaks
  2 wraiths (D:12)
  A centaur simulacrum (D:14)
  10 fire elementals
  2 humans (Lair:6)
  3 basilisks
  2 fire bats (D:12)
  15 steam dragons
  8 vampire mosquitoes
  2 hogs (Lair:6)
  Menkaure (D:6)
  5 wargs
  An acid dragon (D:13)
  50 nagas
  3 hell hounds (Snake:3)
  A floating eye (shapeshifter) (Elf:1)
  15 water moccasins
  A swamp drake (D:9)
  A sky beast (D:7)
  2 black bears (D:10)
  24 orc warriors
  7 ogres
  A boggart (D:13)
  14 wolves
  3 lemures (D:4)
  5 centaurs
  4 kobold brigands
  An elf zombie (Ossuary)
  2 earth elementals (Elf:1)
  15 bullfrogs
  A gnoll sergeant (D:8)
  2 necrophages (D:5)
  A wight (D:7)
  A scorpion (D:6)
  A hornet simulacrum (D:14)
  7 killer bees
  An electric eel (Snake:1)
  5 howler monkeys
  2 human zombies (Ossuary)
  3 jellies
  A hound (D:7)
  14 orc priests
  2 iguanas
  14 orc wizards
  7 hell rats (Lair:6)
  3 mummies
  21 gnolls
  5 adders
  A shadow imp (D:6)
  A white imp (D:6)
  An ufetubus (D:6)
  3 adder zombies (Ossuary)
  2 dart slugs (D:3)
  48 orcs
  6 bats
  6 endoplasms
  3 giant cockroaches
  44 goblins
  23 hobgoblins
  6 jackals (D:5)
  A quokka (D:1)
  5 ball pythons
  A frilled lizard (D:3)
  A goblin zombie (Ossuary)
  11 hobgoblin zombies (Ossuary)
  2 jackal zombies (Ossuary)
  26 kobolds
  8 kobold zombies (Ossuary)
  9 orc zombies (Ossuary)
  5 rats
1003 creatures vanquished.

Vanquished Creatures (others)
  A naga warrior (Snake:4)
  A naga sharpshooter (Snake:4)
  A deep elf pyromancer (Elf:2)
  A manticore (Lair:6)
  A rime drake (Lair:3)
  A naga (Snake:4)
  An ogre (D:9)
  An orc (D:9)
  A bush (Snake:2)
  64 fungi
  92 plants
  4 withered plants (Elf:1)
169 creatures vanquished.

Grand Total: 1172 creatures vanquished

Notes
Turn   | Place    | Note
-------+----------+-------------------------------------------
     0 | D:1      | ouz the Demonspawn Gladiator began the quest for the Orb.
     0 | D:1      | Reached XP level 1. HP: 16/16 MP: 1/1
   456 | D:1      | You fall into a shaft and drop 1 floor!
   483 | D:2      | Gained mutation: You regenerate a little health from kills.
                  | [demonic ancestry]
   483 | D:2      | Reached XP level 2. HP: 14/22 MP: 2/2
   672 | D:2      | Reached skill level 3 in Long Blades
   675 | D:2      | Reached XP level 3. HP: 28/28 MP: 3/3
  1410 | D:2      | Found a faded altar of an unknown god.
  1806 | D:3      | Gained mutation: A meltable shield of frost defends you.
                  | (SH +4) [demonic ancestry]
  1806 | D:3      | Reached XP level 4. HP: 34/34 MP: 4/4
  2743 | D:4      | Noticed a lemure
  2744 | D:4      | Noticed Pikel
  2744 | D:4      | Noticed a lemure
  3039 | D:4      | Reached XP level 5. HP: 36/41 MP: 5/5
  3116 | D:4      | Found a sparkling altar of Nemelex Xobeh.
  3162 | D:4      | Killed a lemure
  3215 | D:4      | Noticed a lemure
  3224 | D:4      | Noticed a lemure
  3231 | D:4      | Killed a lemure
  3241 | D:4      | Killed a lemure
  3334 | D:4      | Killed Pikel
  3335 | D:4      | Reached skill level 4 in Long Blades
  3335 | D:4      | Gained mutation: You are partially covered in yellow
                  | scales. (AC +2) [demonic ancestry]
  3335 | D:4      | Reached XP level 6. HP: 23/49 MP: 6/6
  3335 | D:4      | Reached XP level 7. HP: 26/55 MP: 7/7
  3649 | D:4      | Noticed Sigmund
  3661 | D:4      | Killed Sigmund
  3662 | D:4      | Reached skill level 5 in Fighting
  3662 | D:4      | Reached skill level 5 in Long Blades
  3963 | D:4      | Found a runed translucent door.
  3964 | D:4      | Noticed Crazy Yiuf
  4169 | D:5      | Entered Level 5 of the Dungeon
  4170 | D:5      | Found a staircase to the Ecumenical Temple.
  4357 | Temple   | Entered the Ecumenical Temple
  4401 | Temple   | Became a worshipper of Warmaster Okawaru
  4796 | D:5      | Noticed Grinder
  4806 | D:5      | Paralysed by Grinder for 5 turns
  4817 | D:5      | Killed Grinder
  4817 | D:5      | Reached * piety under Okawaru
  4818 | D:5      | Reached XP level 8. HP: 42/63 MP: 8/8
  5740 | D:6      | Reached skill level 6 in Long Blades
  5791 | D:6      | Noticed Menkaure
  6034 | D:6      | Found a sand-covered staircase.
  6046 | Ossuary  | Entered an ossuary
  6218 | Ossuary  | Reached ** piety under Okawaru
  6317 | D:6      | Reached skill level 5 in Dodging
  6368 | D:6      | Killed Menkaure
  6716 | D:7      | Noticed Joseph
  6732 | D:7      | Killed Joseph
  6733 | D:7      | Reached skill level 7 in Long Blades
  6733 | D:7      | Reached skill level 1 in Invocations
  6733 | D:7      | Gained mutation: You have sharp fingernails. [demonic
                  | ancestry]
  6733 | D:7      | Reached XP level 9. HP: 41/71 MP: 7/10
  7373 | D:7      | Noticed a troll
  7378 | D:7      | Killed a troll
  7706 | D:8      | Noticed a two-headed ogre
  7719 | D:8      | Killed a two-headed ogre
  7719 | D:8      | Reached *** piety under Okawaru
  7720 | D:8      | Reached skill level 8 in Long Blades
  7954 | D:8      | Reached skill level 5 in Armour
  8194 | D:8      | Gained mutation: You have very sharp fingernails. [demonic
                  | ancestry]
  8194 | D:8      | Reached XP level 10. HP: 76/80 MP: 13/13
  8194 | D:8      | Reached **** piety under Okawaru
  8657 | D:9      | Found a flagged portal.
  8684 | Bailey   | Entered a bailey
  8705 | Bailey   | Reached skill level 5 in Invocations
  8827 | Bailey   | Reached ***** piety under Okawaru
  9004 | Bailey   | Reached skill level 9 in Long Blades
  9026 | Bailey   | Noticed a two-headed ogre
  9234 | Bailey   | Killed a two-headed ogre
  9234 | Bailey   | Received a gift from Okawaru
  9518 | D:9      | Received a gift from Okawaru
  9708 | D:9      | Found a hazy altar of Hepliaklqana.
  9828 | D:9      | Gained mutation: You are mostly covered in yellow scales.
                  | (AC +3) [demonic ancestry]
  9828 | D:9      | Reached XP level 11. HP: 87/87 MP: 15/15
  9953 | D:9      | Found a staircase to the Orcish Mines.
 10185 | D:10     | Entered Level 10 of the Dungeon
 10313 | D:10     | Reached skill level 10 in Long Blades
 10605 | D:10     | Found a staircase to the Lair.
 11351 | D:10     | Identified a scroll of acquirement
 11351 | D:10     | Acquired 1066 gold pieces
 11382 | D:11     | Noticed a boulder beetle
 11400 | D:11     | Identified the +8 chain mail of the Queen {Int+3} (Okawaru
                  | gifted it to you on level 11 of the Dungeon)
 11400 | D:11     | Received a gift from Okawaru
 11410 | D:11     | Killed a boulder beetle
 11643 | D:11     | Noticed a skeletal warrior
 11643 | D:11     | Noticed a skeletal warrior
 11654 | D:11     | Killed a skeletal warrior
 11664 | D:11     | Killed a skeletal warrior
 11835 | D:11     | Noticed a skeletal warrior
 11862 | D:11     | Killed a skeletal warrior
 12617 | D:12     | Noticed a boulder beetle
 12653 | D:12     | Killed a boulder beetle
 12973 | D:12     | Gained mutation: A meltable icy envelope protects you from
                  | harm. (AC +4) [demonic ancestry]
 12973 | D:12     | Reached XP level 12. HP: 88/96 MP: 18/18
 13132 | D:12     | Reached skill level 11 in Long Blades
 13136 | D:12     | Noticed Nergalle
 13154 | D:12     | Killed Nergalle
 13256 | Lair:1   | Entered Level 1 of the Lair of Beasts
 13546 | Lair:1   | Identified the +4 ring mail of the Blue Skies {rN+ Will+
                  | Stlth+} (Okawaru gifted it to you on level 1 of the Lair of
                  | Beasts)
 13546 | Lair:1   | Received a gift from Okawaru
 13646 | Lair:1   | Reached skill level 10 in Fighting
 14519 | Lair:1   | Reached skill level 13 in Long Blades
 14519 | Lair:1   | Reached XP level 13. HP: 103/103 MP: 19/19
 14805 | Lair:2   | Found a staircase to the Shoals.
 14944 | Lair:2   | Found a staircase to the Snake Pit.
 15501 | Lair:3   | Reached skill level 14 in Long Blades
 15937 | Lair:3   | Reached ****** piety under Okawaru
 15938 | Lair:3   | Gained mutation: You are completely covered in yellow
                  | scales. (AC +4, rCorr) [demonic ancestry]
 15938 | Lair:3   | Reached XP level 14. HP: 111/111 MP: 20/20
 16111 | Lair:3   | Received a gift from Okawaru
 16274 | Lair:3   | Received a gift from Okawaru
 16295 | Lair:3   | Got the Omnibus of the Quarry
 16575 | Lair:4   | Identified the +2 falchion of Division {protect, Will+
                  | Int+2}
 17140 | Lair:5   | Found a transporter.
 17141 | Lair:5   | Found a transporter.
 17516 | Lair:5   | Found a staircase to the Slime Pits.
 17682 | Lair:5   | Noticed Capogack's ghost (journeyman MiFi)
 17965 | Lair:5   | Acquired a manual of Dodging
 17969 | Lair:5   | Acquired the +1 pair of gloves of Oryovianih {rC+ Dex+2}
 18032 | Lair:6   | Entered Level 6 of the Lair of Beasts
 18057 | Lair:6   | Reached skill level 15 in Long Blades
 18059 | Lair:6   | Reached skill level 10 in Dodging
 18184 | Lair:6   | Received a gift from Okawaru
 18603 | Lair:6   | Noticed Kirke
 18610 | Lair:6   | Killed Kirke
 19330 | Orc:1    | Entered Level 1 of the Orcish Mines
 19369 | Orc:1    | Received a gift from Okawaru
 19401 | Orc:1    | Gained mutation: You have claws for hands. [demonic
                  | ancestry]
 19401 | Orc:1    | Reached XP level 15. HP: 120/120 MP: 21/21
 19530 | Orc:2    | Entered Level 2 of the Orcish Mines
 19540 | Orc:2    | Noticed an orc warlord
 19557 | Orc:2    | Reached skill level 10 in Armour
 19571 | Orc:2    | Killed an orc warlord
 19628 | Orc:1    | Received a gift from Okawaru
 19779 | Orc:2    | Found Qorixuidd's Antique Armour Shop.
 19793 | Orc:2    | Bought a pair of runed boots for 195 gold pieces
 19793 | Orc:2    | Bought a silken robe for 148 gold pieces
 19793 | Orc:2    | Identified the +0 robe of Experimentation {Will+ rCorr
                  | Str-2 Slay+2} (You bought it in a shop on level 2 of the
                  | Orcish Mines)
 19839 | Orc:2    | Found Viahodua's Book Shop.
 19931 | Orc:2    | Reached skill level 16 in Long Blades
 19980 | Orc:2    | Found Kyzuxetu's General Store.
 20006 | Orc:2    | Bought a scroll of blinking for 97 gold pieces
 20006 | Orc:2    | Bought a scroll of teleportation for 39 gold pieces
 20006 | Orc:2    | Bought a potion of heal wounds for 65 gold pieces
 20006 | Orc:2    | Bought a potion of heal wounds for 65 gold pieces
 20117 | Orc:2    | Found Gietuusm's Antique Weapon Shoppe.
 20168 | Orc:2    | Bought a shimmering rapier for 216 gold pieces
 20168 | Orc:2    | Identified the +3 rapier "Tununid" {vorpal, Str+2} (You
                  | bought it in a shop on level 2 of the Orcish Mines)
 20170 | Orc:2    | Bought a glowing great sword for 228 gold pieces
 20301 | Orc:2    | Found a staircase to the Elven Halls.
 21365 | D:13     | Found a runed translucent door.
 21365 | D:13     | Noticed a shadow dragon
 21392 | D:13     | Gained mutation: Potions are less effective at restoring
                  | your health. [a shining eye]
 21393 | D:13     | Gained mutation: You have hidden genetic defects. [a
                  | shining eye]
 21395 | D:13     | Gained mutation: You have terrible hidden genetic defects.
                  | [a shining eye]
 21398 | D:13     | Gained mutation: You are weak. (Str -2) [a shining eye]
 21399 | D:13     | Gained mutation: You are clumsy. (Dex -2) [a shining eye]
 21482 | D:13     | Lost mutation: You have terrible hidden genetic defects.
                  | [potion of mutation]
 21482 | D:13     | Lost mutation: You have hidden genetic defects. [potion of
                  | mutation]
 21482 | D:13     | Lost mutation: You are clumsy. (Dex -2) [potion of
                  | mutation]
 21482 | D:13     | Gained mutation: Armour fits poorly on your strangely
                  | shaped body. [potion of mutation]
 21797 | D:13     | Found a gate to the Vaults.
 22354 | D:14     | Identified the +2 hat of Hautz {rPois Will- Str+5 SInv}
                  | (Okawaru gifted it to you on level 14 of the Dungeon)
 22354 | D:14     | Received a gift from Okawaru
 22415 | D:14     | Found an ornate altar of the Wu Jian Council.
 22502 | D:14     | Found Hostizeu's Weapon Shoppe.
 22722 | D:14     | Noticed Jorgrun
 22728 | D:14     | Killed Jorgrun
 23081 | D:15     | Entered Level 15 of the Dungeon
 23199 | D:15     | Reached skill level 17 in Long Blades
 23209 | D:15     | Noticed Rupert
 23241 | D:15     | Gained mutation: You regenerate health from kills. [demonic
                  | ancestry]
 23241 | D:15     | Reached XP level 16. HP: 107/130 MP: 20/22
 23260 | D:15     | Killed Rupert
 23389 | D:15     | Found a staircase to the Depths.
 23849 | Elf:1    | Entered Level 1 of the Elven Halls
 23952 | Elf:1    | Received a gift from Okawaru
 24280 | Elf:1    | Paralysed by an air elemental for 1 turns
 24343 | Elf:1    | Received a gift from Okawaru
 24405 | Elf:1    | Got Dispater's Secrets of Traumaturgy and Illusion
 24558 | Elf:1    | Found a runed translucent gate.
 24562 | Elf:1    | Found a runed translucent gate.
 24562 | Elf:1    | Found a runed translucent gate.
 24563 | Elf:1    | Noticed Muybrudgh's ghost (journeyman DsFi)
 24564 | Elf:1    | Noticed Munkik's ghost (adept DrCj)
 24564 | Elf:1    | Noticed Gajin's ghost (journeyman DsFi)
 24661 | Elf:1    | Paralysed by an air elemental for 1 turns
 24857 | Elf:1    | Killed Muybrudgh's ghost
 24868 | Elf:1    | Killed Munkik's ghost
 24873 | Elf:1    | Killed Gajin's ghost
 24883 | Elf:1    | Identified the amulet of Ilyg {Spirit Str+5}
 25135 | Elf:2    | Paralysed by an air elemental for 1 turns
 25162 | Elf:2    | Paralysed by an air elemental for 1 turns
 25311 | Elf:2    | Acquired a +0 vampiric triple sword
 25383 | Elf:2    | Found a runed translucent gate.
 25383 | Elf:2    | Found a runed translucent gate.
 25384 | Elf:2    | Found a runed translucent gate.
 25467 | Elf:2    | Reached skill level 18 in Long Blades
 25999 | Snake:1  | Entered Level 1 of the Snake Pit
 26240 | Snake:1  | Identified the +7 great sword of Certain Death {vorpal,
                  | Str+7} (Okawaru gifted it to you on level 1 of the Snake
                  | Pit)
 26240 | Snake:1  | Received a gift from Okawaru
 27023 | Snake:2  | Gained mutation: You regenerate a lot of health from kills.
                  | [demonic ancestry]
 27023 | Snake:2  | Reached XP level 17. HP: 112/139 MP: 15/23
 27075 | Snake:2  | Identified the +6 battleaxe "Teamocva" {vorpal, Will- Int+4
                  | Dex+7 SInv}
 27262 | Snake:2  | Received a gift from Okawaru
 27299 | Snake:2  | Identified the +11 scimitar "Undertaker" {vamp, Contam
                  | rN+++ Str+5}
 27417 | Snake:2  | Reached skill level 15 in Dodging
 27552 | Snake:2  | Found Fulustry's Book Emporium.
 27555 | Snake:2  | Found Risuxoll's Jewellery Shop.
 27556 | Snake:2  | Found Viesemm's Book Emporium.
 27566 | Snake:2  | Bought a manual of Long Blades for 960 gold pieces
 27671 | Snake:2  | Identified the +1 ring mail "Qiah" {rC- rN++ Will- MP+9}
 28183 | Snake:3  | Received a gift from Okawaru
 28353 | Snake:3  | Noticed Azrael
 28370 | Snake:3  | Reached skill level 19 in Long Blades
 28374 | Snake:3  | Killed Azrael
 28374 | Snake:3  | Received a gift from Okawaru
 28728 | Snake:3  | Identified the +3 falchion "Yzasm" {freeze, Str+4 Stlth+}
 28786 | Snake:3  | Found Dininoos's Vocational Training.
 29051 | Snake:3  | Reached skill level 1 in Shields
 29587 | Snake:4  | Entered Level 4 of the Snake Pit
 29662 | Snake:4  | Reached skill level 15 in Fighting
 29710 | Snake:4  | Found Guogradgh's Weapon Shop.
 29724 | Snake:4  | Found a large runed translucent door.
 29724 | Snake:4  | Noticed Mara
 29726 | Snake:4  | Found a large runed translucent door.
 29732 | Snake:4  | Noticed ouz's illusion
 29752 | Snake:4  | Killed Mara
 29847 | Snake:4  | Noticed HoaS's ghost (adept KoHu)
 30004 | Snake:4  | Noticed Vashnia
 30008 | Snake:4  | Noticed Mlioglotl
 30209 | Snake:4  | Identified the +1 scale mail of Doysew {rN+ Int+2}
 30278 | Snake:4  | Reached XP level 18. HP: 118/151 MP: 9/24
 30405 | Snake:4  | Received a gift from Okawaru
 30480 | Snake:4  | Killed Mlioglotl
 30504 | Snake:4  | Killed Vashnia
 30621 | Snake:4  | Reached skill level 5 in Shields
 30708 | Snake:4  | Got a serpentine rune of Zot
 30759 | Snake:4  | Noticed Aizul
 30789 | Snake:4  | Killed Aizul
 31010 | Snake:4  | Acquired the +1 hat of Indomitability {Drain +Blink Dex+8}
 31665 | Elf:2    | Demolished by a +6 eveningstar of holy wrath

Illustrated notes

Levels and vault maps discovered:
D:1:      dpeg_arrival_oval, layout_basic
D:2:      layout_basic, basic_ecumenical_altar, kennysheep_boxes
D:3:      layout_basic
D:4:      layout_loops_ring, marbit_many_paths, corexii_checkpoint_a,
          uniq_pikel, uniq_crazy_yiuf_cottage, uniq_sigmund
D:5:      minmay_goblin_kobold_castle, layout_basic,
          minmay_temple_entry_statues, uniq_grinder
D:6:      layout_cave_pools, gup_ossuary_entry_pyramid,
          chequers_serial_rivers_micro_a, uniq_menkaure
D:7:      wad_crossroads, layout_basic, uniq_joseph
D:8:      layout_gridville, amcnicky_mini_rare_corridor_liquid
D:9:      layout_cave_pools, mainiacjoe_overflow_brackets, erik_orc_1,
          lightli_bailey_entry_fortress
D:10:     layout_grid_maze, due_lair_maze_entry_diamond, dk_noncrumbling_4
D:11:     layout_roguey, zin_treasury
D:12:     minmay_firetagon, layout_basic, uniq_nergalle
D:13:     layout_roguey, hangedman_vaults_entry_quadrant_bands,
          minmay_hidden_floor
D:14:     layout_basic, serial_shops, nicolae_shop_bloodbath_and_beyond,
          nzn_wu_jian_contemplation, uniq_jorgrun
D:15:     grunt_enter_depths_hoard, layout_cave_pools,
          minmay_misc_feat_secret_circle, corexii_corridor_pit,
          minmay_misc_feat_diagonals, uniq_rupert
Temple:   nicolae_temple_slightly_damp_pantheon
Lair:1:   layout_long_grid, minmay_hedge_maze, lemuel_fruit_tree,
          grunt_megastairs_1, infiniplex_staircase_pool
Lair:2:   layout_chaotic_city, elwin_shoals_entry_rocks,
          guppyfry_snake_entry_island
Lair:3:   layout_roguey, bobbens_dragon_lair_wall
Lair:4:   layout_cave_shapes, grunt_megastairs_2, serial_bayou_shore_b
Lair:5:   layout_layer_cave, minmay_slime_entry_oklob_enclosed,
          nzn_ghost_randoct, infiniplex_staircase_pool_2
Lair:6:   evilmike_catoblepas_cave, layout_loops_ring, lemuel_fruit_fields,
          lemuel_fruit_fields, uniq_kirke
Snake:1:  layout_basic, grunt_ministairs_10
Snake:2:  layout_misc_corridors, nicolae_coiled_stairwell_up, minmay_shop_grove
Snake:3:  layout_chambers, nicolae_shop_vocational, uniq_azrael
Snake:4:  grunt_snake_rune_serpentine_throne, layout_rooms, serial_shops, shop,
          ebering_ghost_disaster_area, uniq_aizul, uniq_mara, uniq_vashnia,
          uniq_mlioglotl
Orc:1:    layout_diamond_mine, basic_altar
Orc:2:    grunt_orc_gardens, layout_diamond_mine, grunt_orc_garden,
          grunt_orc_garden, grunt_orc_garden, grunt_orc_garden
Elf:1:    layout_geoelf_octagon, gammafunk_ghost_cemetery, minmay_elf_sorcery
Elf:2:    nicolae_elf_blades_splatter_lattice
          [nicolae_blade_entry_diamond_columns], layout_geoelf_diagonals,
          lemuel_flamethrower_1

Skill      XL: |  1  2  3  4  5  6  7  8  9 10 11 12 13 14 15 16 17 18 |
---------------+-------------------------------------------------------+-----
Throwing       | 2 |  2.1
Long Blades    | 3 4 5 7 8 9 10 13 14 15 17 18 19 | 19.2
Dodging        | 3 4 5 6 7 8 9 11 13 14 15 16 | 16.4
Fighting       | 3 4 5 6 7 8 9 10 12 13 14 15 17 | 17.1
Armour         | 2 4 5 6 7 8 9 11 12 | 12.6
Invocations    | 1 4 6 8 |  8.5
Shields        | 3 5 |  5.9

Action                   |  1- 3 |  4- 6 |  7- 9 | 10-12 | 13-15 | 16-18 || total
-------------------------+-------+-------+-------+-------+-------+-------++-------
Melee: Long sword        |   102 |    84 |   405 |       |       |       ||   591
       Punch             |       |     1 |     7 |       |    13 |     7 ||    28
       Great sword       |       |       |    39 |   505 |   624 |   390 ||  1558
       Scimitar          |       |       |       |       |   493 |   925 ||  1418
       Triple sword      |       |       |       |       |       |    52 ||    52
Throw: Throwing net      |     3 |       |       |       |       |       ||     3
       Javelin           |     1 |       |       |     1 |       |     2 ||     4
Invok: Heroism           |       |       |     3 |    11 |    12 |    23 ||    49
       Finesse           |       |       |       |     1 |     5 |    14 ||    20
  Use: Potion            |     1 |     3 |     5 |     3 |     6 |    12 ||    30
       Scroll            |     3 |     6 |    16 |    10 |    12 |    10 ||    57
 Stab: Sleeping          |     2 |     2 |     2 |     2 |    12 |    18 ||    38
       Distracted        |       |     1 |       |     1 |     4 |     3 ||     9
       Confused          |       |       |       |     1 |       |       ||     1
       Petrified         |       |       |       |       |     2 |       ||     2
       Invisible         |       |       |       |       |    13 |       ||    13
       Fleeing           |       |       |       |       |     2 |       ||     2
Armor: Leather armour    |    40 |     7 |       |       |       |       ||    47
       Skin              |     6 |       |       |       |       |       ||     6
       Ring mail         |       |    10 |   196 |   147 |   361 |   260 ||   974
       Chain mail        |       |       |       |    75 |       |       ||    75
Dodge: Dodged            |    82 |    39 |   352 |   486 |  1004 |  1257 ||  3220
Block: Other             |       |    14 |    94 |   121 |   147 |    90 ||   466
       Buckler           |       |       |       |       |       |   328 ||   328

Table legend: (Time is in decaauts)
 A = Elapsed time spent in this place.
 B = Non-inter-level travel time spent in this place.
 C = Inter-level travel time spent in this place.
 D = Time resting spent in this place.
 E = Time spent auto-exploring this place.
 F = Levels seen in this place.
 G = Mean time per level.
                   A        B        C        D        E       F      G
               +--------+--------+--------+--------+--------+-----+--------+
         Total |  30985 |  28100 |   2885 |   1065 |  20841 |  32 |  968.3 |
       Dungeon |  15774 |  14325 |   1449 |    715 |  10946 |  15 | 1051.6 |
        Temple |     79 |     54 |     25 |      0 |     33 |   1 |   79.0 |
          Lair |   6134 |   5524 |    610 |    140 |   4246 |   6 | 1022.3 |
     Snake Pit |   4576 |   4231 |    345 |      0 |   3101 |   4 | 1144.0 |
  Orcish Mines |   1303 |   1012 |    291 |     19 |    686 |   2 |  651.5 |
   Elven Halls |   2207 |   2044 |    163 |     24 |   1449 |   2 | 1103.5 |
       Ossuary |    266 |    266 |      0 |      2 |     86 |   1 |  266.0 |
        Bailey |    641 |    641 |      0 |    165 |    293 |   1 |  641.0 |
               +--------+--------+--------+--------+--------+-----+--------+

Top non-repeatable levels by time:
     D:5: 1510 daAuts
  Lair:1: 1379 daAuts
    D:10: 1373 daAuts
     D:4: 1351 daAuts
  Lair:2: 1293 daAuts
 Snake:3: 1279 daAuts
    D:11: 1275 daAuts
 Snake:4: 1239 daAuts
    D:12: 1222 daAuts
     D:3: 1212 daAuts
     D:9: 1144 daAuts
   Elf:2: 1126 daAuts
    D:13: 1104 daAuts
   Elf:1: 1081 daAuts
  Lair:6: 1063 daAuts
